 Dungeon Crawl Stone Soup version 0.16-a0-3228-ge148b08 (webtiles) character file.

147 GlassGo the Changer (level 5, -3/33 HPs)
             Began as an Octopode Transmuter on Dec 22, 2014.
             Killed from afar by a goblin (17 damage)
             ... with a wand of cold
             ... on level 3 of the Dungeon.
             The game lasted 00:32:46 (4182 turns).

GlassGo the Changer (Octopode Transmuter)           Turns: 4182, Time: 00:32:46

Health: -3/33      AC:  1    Str: 10    XL:     5   Next: 29%
Magic:  9/9        EV: 12    Int: 16    God:
Gold:   152        SH:  0    Dex: 12    Spells: 2 memorised, 4 levels left

rFire  . . .     SeeInvis .       - Unarmed
rCold  . . .     Clarity  .     (no shield)
rNeg   . . .     SustAb   +     y - +0 hat
rPois  .         Gourm    +     w - amulet of the gourmand
rElec  .         Spirit   .     k - ring of protection from magic
rCorr  .         Warding  .     u - ring of sustain abilities
rMut   .         Stasis   .     (no ring)
MR     +....                    (no ring)
Stlth  ++........               (no ring)
                                (no ring)
                                (no ring)
                                (no ring)

@: very slightly contaminated, somewhat resistant to hostile enchantments,
unstealthy
A: almost no armour, amphibious, 8 rings, constrict 8, camouflage 1, gelatinous
body 1
a: no special abilities


You were on level 3 of the Dungeon.
You were not hungry.

You visited 1 branch of the dungeon, and saw 3 of its levels.

You collected 152 gold pieces.

Inventory:

Hand weapons
 z - a cursed -2 hand axe
Missiles
 b - 35 arrows
 e - 177 stones
 g - 13 poisoned sling bullets
 l - 3 javelins (quivered)
 t - 3 tomahawks of returning
 B - 4 poisoned needles
Armour
 y - a +0 hat (worn)
Jewellery
 k - a ring of protection from magic (left tentacle)
 u - a ring of sustain abilities (right tentacle)
 w - an amulet of the gourmand (around mantle)
Magical devices
 q - a wand of polymorph (4)
Scrolls
 c - 2 scrolls of enchant weapon {unknown}
 i - a scroll of recharging {unknown}
 j - 2 scrolls of magic mapping {unknown}
 m - 2 scrolls of teleportation {unknown}
 n - a scroll of blinking {unknown}
 o - 3 scrolls of remove curse {unknown}
 r - 4 scrolls of identify {unknown}
Potions
 h - a potion of might {unknown}
 s - a potion of curing {unknown}
 v - a potion of ambrosia {unknown}
Books
 d - a book of Changes

   Spells                             Type                      Level
   a - Beastly Appendage              Transmutation                1
   b - Sticks to Snakes               Transmutation                2
   c - Spider Form                    Transmutation/Poison         3
   d - Ice Form                       Ice/Transmutation            4
   e - Blade Hands                    Transmutation                5
 x - a book of Beasts

   Spells                             Type                      Level
   a - Summon Butterflies             Summoning                    1
   b - Call Canine Familiar           Summoning                    3
   c - Summon Ice Beast               Ice/Summoning                4
   d - Summon Mana Viper              Hexes/Summoning              5
   e - Monstrous Menagerie            Summoning                    6
   f - Summon Hydra                   Summoning                    7
 A - a book of Unlife

   Spells                             Type                      Level
   a - Recall                         Summoning/Translocation      3
   b - Animate Dead                   Necromancy                   4
   c - Control Undead                 Necromancy                   4
   d - Cigotuvi's Embrace             Necromancy                   5
   e - Death Channel                  Necromancy                   6
   f - Simulacrum                     Ice/Necromancy               6
Comestibles
 a - 3 bread rations
 f - 4 meat rations


   Skills:
 - Level 1.1 Fighting
 - Level 2.0 Dodging
 - Level 3.0 Unarmed Combat
 - Level 2.0 Spellcasting
 - Level 4.0 Transmutations
 * Level 3.9 Poison Magic


You had 4 spell levels left.
You knew the following spells:

 Your Spells              Type           Power        Failure   Level  Hunger
a - Beastly Appendage     Trmt           ##....       4%          1    #......
b - Spider Form           Trmt/Pois      ##........   14%         3    ###....


Dungeon Overview and Level Annotations

Branches:
Dungeon (3/15)

Altars:
Qazlal

Annotations:
D:3 GlassGo's ghost, average OpEE; Grinder


Innate Abilities, Weirdness & Mutations

You cannot wear most types of armour.
You are amphibious.
You can wear up to eight rings at the same time.
You can use your tentacles to constrict many enemies at once.
Your skin changes colour to match your surroundings (Stealth).
Your rubbery body absorbs attacks (AC +1).


Message History

There is an escape hatch in the ceiling here.
Eat a chunk of flesh? (ye/n/q/i?) This raw flesh tastes great.
You continue eating. x2
Your extra speed is starting to run out.
You see here a dagger.
There is a stone staircase leading up here.
Things that are here:
a leather armour; a dagger
There is a stone staircase leading up here.
You start resting.
You feel yourself slow down.
You start resting.
Press: ? - help, v - describe, . - travel
Here: a goblin, wielding a dagger and carrying a wand of cold {zapped: 1} (hasn't noticed you)
The floor.
The goblin shouts!
The goblin zaps a wand.
The bolt of cold hits you!
Ouch! That really hurt!
You die...

#
#...###...##.......##.##.##.#
#...# #####........##>......#
# #...#
#...##.....#######.####
.##...##.....##...## #.#
..#...#)......#..### #.#
..)...'....)..#g##.#######.#
..#...#!......#)#.#........#
.##...##.....##.[.....######
# #...# #...###.@.....#
#รท..# #####.........# #
#...###...##........#
.##...##.....##.......#
..#...#.......#.......#
..)...'....[..#.......#
..#...#.......#########
.##...##.....##
##)....##...##


You could see a goblin.

Vanquished Creatures
  An orc wizard (D:3)
  4 adders (D:2)
  A worm (D:3)
  3 oozes
  2 giant geckos
  2 orcs (D:3)
  3 giant cockroaches
  8 hobgoblins
  7 jackals
  A quokka (D:2)
  A ball python (D:2)
  11 bats
  7 giant newts
  5 goblins
  6 kobolds
  A quokka skeleton (D:3)
  9 rats
72 creatures vanquished.

Notes
Turn   | Place    | Note
--------------------------------------------------------------
     0 | D:1      | GlassGo, the Octopode Transmuter, began the quest for the Orb.
     0 | D:1      | Reached XP level 1. HP: 13/13 MP: 3/3
   259 | D:1      | Reached XP level 2. HP: 5/18 MP: 2/4
  1252 | D:1      | Reached XP level 3. HP: 23/23 MP: 6/6
  1625 | D:2      | Learned a level 3 spell: Spider Form
  1685 | D:2      | Reached skill level 4 in Transmutations
  2021 | D:2      | Reached XP level 4. HP: 26/28 MP: 5/7
  2059 | D:2      | Reached skill level 1 in Poison Magic
  2123 | D:2      | Found a stormy altar of Qazlal.
  2473 | D:3      | Noticed GlassGo's ghost (average OpEE)
  3932 | D:3      | Reached XP level 5. HP: 28/33 MP: 7/9
  4097 | D:3      | Noticed Grinder
  4099 | D:3      | Noticed Grinder
  4099 | D:3      | Grinder changed into Grinder the iron imp
  4182 | D:3      | Killed from afar by a goblin

Action                   |  1- 3 |  4- 6 || total
-------------------------+-------+-------++-------
Melee: Unarmed           |    92 |    89 ||   181
Throw: Javelin           |       |     3 ||     3
       Tomahawk          |       |     3 ||     3
 Cast: Beastly Appendage |    11 |    15 ||    26
Evoke: Wand              |       |     1 ||     1
  Use: Potion            |       |     2 ||     2
 Stab: Sleeping          |     3 |     2 ||     5
  Eat: Chunk             |     4 |    11 ||    15
